 Dungeon Crawl Stone Soup version 0.27.1-34-g3ba077fa99 (webtiles) character file.

Game seed: 10295248215773469902

57 zeram the Shield-Bearer (level 4, -1/31 HPs)
             Began as an Octopode Fighter on Jan 20, 2022.
             Killed by nerve-wracking pain
             ... invoked by a shadow imp
             ... summoned by Natasha
              (6 damage)
             ... on level 3 of the Dungeon.
             The game lasted 00:01:39 (2335 turns).

zeram the Shield-Bearer (Octopode Fighter)          Turns: 2335, Time: 00:01:39

Health: -1/31      AC:  1    Str: 15    XL:     4   Next: 0%
Magic:  4/4        EV: 11    Int: 11    God:
Gold:   101        SH:  9    Dex: 11    Spells: 1/3 levels left

rFire    . . .     SeeInvis .   a - +0 war axe
rCold    . . .     Faith    .   b - +0 kite shield
rNeg     . . .     Spirit   .   (helmet restricted)
rPois    .         Reflect  .   (no amulet)
rElec    .         Harm     .   (no ring)
rCorr    .         Rampage  .   (no ring)
Will     .....                  (no ring)
Stlth    ++........             (no ring)
HPRegen  0.10/turn              (no ring)
MPRegen  0.09/turn              (no ring)
                                (no ring)
                                (no ring)

@: no status effects
A: almost no armour, amphibious, 8 rings, camouflage 1, gelatinous body 1,
(nimble swimmer 1), tentacles
a: no special abilities


You were on level 3 of the Dungeon.
You visited 1 branch of the dungeon, and saw 3 of its levels.

You collected 101 gold pieces.

Inventory:

Hand Weapons
 a - a +0 war axe (weapon)
Missiles
 o - 6 boomerangs of dispersal (quivered)
Armour
 b - a +0 kite shield (worn)
Jewellery
 m - a ring of positive energy
Scrolls
 e - 2 scrolls of identify {unknown}
 f - 3 scrolls of teleportation {unknown}
 g - 3 scrolls of magic mapping {unknown}
 j - a scroll of enchant weapon {unknown}
 k - a scroll of summoning {unknown}
 n - a scroll of enchant armour {unknown}
 p - a scroll of silence {unknown}
 q - 2 scrolls of amnesia {unknown}
Potions
 c - 2 potions of might
 d - a potion of mutation {unknown}
 h - 2 potions of curing {unknown}
 i - a potion of heal wounds {unknown}
 l - a potion of flight {unknown}


   Skills:
 + Level 3.3 Fighting
 + Level 2.7 Axes
 + Level 3.3 Dodging
 * Level 3.7 Shields


You had one spell level left.
You knew the following spells:

 Your Spells              Type           Power      Damage    Failure   Level
a - Ensorcelled Hibernat  Hex/Ice        0%         N/A       92%         2

Your spell library contained the following spells:

 Spells                   Type           Power      Damage    Failure   Level
 Shock                    Conj/Air       0%         1d3       83%         1
 Spider Form              Tmut/Pois      0%         N/A       99%         3
 Swiftness                Air            0%         N/A       99%         3
 Airstrike                Air            0%         N/A       100%        4
 Shadow Creatures         Summ           N/A        N/A       100%        6


Dungeon Overview and Level Annotations

Branches:
Dungeon (3/15)

Altars:

Annotations:
D:3 Natasha


Innate Abilities, Weirdness & Mutations

You cannot wear most types of armour.
You are amphibious.
You can wear up to eight rings at the same time.
Your skin changes colour to match your surroundings (Stealth+).
Your rubbery body absorbs attacks. (AC +1, EV +1)
((You are camouflaged near water. (Stealth+)))
You have tentacles for arms and can constrict up to eight enemies at once.


Message History

p - a scroll labelled QOXTUORHEH
Found 2 scrolls labelled WEXULY WAKKUFF.
q - 2 scrolls labelled WEXULY WAKKUFF;
h - 2 inky potions (gained 1)
You open the door.
A ball python comes into view.
Found a helmet and 15 gold pieces.
A ball python is nearby!
A ball python is nearby!
A ball python is nearby!
Natasha, Servant of Life and Death comes into view.
Found 18 sling bullets.
There is an open door here.
An endoplasm comes into view.
Natasha drinks a potion.
Natasha seems to speed up.
The ball python hisses angrily.
Natasha mumbles some strange words.
You hit the ball python but do no damage.
You grab the ball python. You constrict the ball python. Natasha claws you!
The ball python bites you. The ball python barely misses you.
You block Natasha's attack. The ball python barely misses you.
The ball python grabs you. The ball python constricts you.
Unknown command.
You hit Natasha but do no damage. Your grab misses Natasha.
You slash the ball python!
You kill the ball python!
Natasha casts a spell at you. The magic dart hits you.
You block Natasha's attack. You block the shadow imp's attack.
You have reached level 4!
You hit Natasha. Your grab misses Natasha. Your squeeze misses Natasha.
Natasha is moderately wounded.
You hit the endoplasm.
You kill the endoplasm!
You hit the shadow imp. Natasha claws you.
* * * LOW HITPOINT WARNING * * *
Natasha claws you.
* * * LOW HITPOINT WARNING * * *
The shadow imp gestures at you. Pain shoots through your body!
You die...

#######.########
.......# #.# #
......#######.# #
#..........##.# #
#...(......##.# #
##..$.......##.########
#...........##.........
#.....5.....###########
#....h@.....#
#.......[...#
#...........#
#.#######'### # #.#
#.#############
#..............
###############


You could see Natasha (fast) and a shadow imp (summoned).

Vanquished Creatures
  An adder (D:2)
  A worm (D:2)
  2 dart slugs (D:1)
  5 endoplasms
  2 giant cockroaches (D:1)
  5 goblins
  2 hobgoblins
  2 jackals (D:1)
  3 kobolds
  A quokka (D:1)
  5 ball pythons
  4 bats
  2 frilled lizards (D:1)
  4 rats
39 creatures vanquished.

Notes
Turn   | Place    | Note
-------+----------+-------------------------------------------
     0 | D:1      | zeram the Octopode Fighter began the quest for the Orb.
     0 | D:1      | Reached XP level 1. HP: 16/16 MP: 1/1
    35 | D:1      | Found a faded altar of an unknown god.
    73 | D:1      | Reached XP level 2. HP: 15/21 MP: 2/2
   517 | D:1      | Reached XP level 3. HP: 26/26 MP: 3/3
  1382 | D:2      | Learned a level 2 spell: Ensorcelled Hibernation
  2329 | D:3      | Noticed Natasha
  2335 | D:3      | Reached XP level 4. HP: 15/31 MP: 4/4
  2335 | D:3      | Killed from afar by a shadow imp

Illustrated notes

Levels and vault maps discovered:
D:1:      ncdulo_wetmaze, layout_rooms, ebering_ecumenical_altar_abandoned
D:2:      mumra_celtic_spiral_tile, layout_loops_corners, minmay_quantized
D:3:      layout_basic, nemelex_xobeh_ov_fountains_minmay, uniq_natasha

Action                   |  1- 3 |  4- 6 || total
-------------------------+-------+-------++-------
Melee: War axe           |    64 |     1 ||    65
       Constrict         |    17 |       ||    17
       Tentacles         |    10 |       ||    10
 Stab: Sleeping          |     7 |       ||     7
Armor: Skin              |    10 |       ||    10
Dodge: Dodged            |    31 |       ||    31
Block: Kite shield       |    28 |       ||    28
